 Dungeon Crawl Stone Soup version 0.28-b1-25-g9875b3fc8c (webtiles) character file.

Game seed: 4937548900206839557

148814 Armakuni the Fencer (level 18, -2/134 HPs)
             Began as a Human Monk on Feb 5, 2022.
             Was a Priest of the Shining One.
             Succumbed to poison (poison gas)
             ... on level 1 of the Depths.
             The game lasted 01:23:43 (28938 turns).

Armakuni the Fencer (Human Monk)                   Turns: 28938, Time: 01:23:43

Health: -2/134     AC: 26    Str: 28    XL:     18   Next: 12%
Magic:  29/29      EV: 16    Int: 20    God:    the Shining One [***...]
Gold:   132        SH: 17    Dex: 20    Spells: 7/17 levels left

rFire   + . .      SeeInvis .   a - +3 great sword (vorpal)
rCold   . . .      Faith    .   (shield currently unavailable)
rNeg    + . .      Spirit   .   O - +6 plate armour {rC+}
rPois   .          Reflect  +   g - +0 helmet
rElec   +          Harm     .   U - +0 cloak {rCorr}
rCorr   +          Rampage  .   Y - +0 pair of gloves {rF+}
Will    +....                   z - +0 pair of boots "Lygiruc" {Regen+ Str+2 Stlth+}
Stlth   ..........              H - amulet of reflection
HPRegen 1.12/turn               V - ring of Rasy {Str+6 Dex+2}
MPRegen 0.21/turn               I - ring of Uskayaw's Envy {rElec rC- EV+4 Int+10 Dex+2}

@: lethally poisoned (-2 -> -62), divinely shielded, on berserk cooldown,
slowed, glowing, very slow
A: no striking features
a: Renounce Religion, Divine Shield, Cleansing Flame


You were on level 1 of the Depths.
You worshipped the Shining One.
The Shining One was most pleased with you.
You visited 7 branches of the dungeon, and saw 27 of its levels.
You visited the Abyss 1 time.
You also visited: Ice Cave.

You collected 3450 gold pieces.
You spent 3318 gold pieces at shops.

Inventory:

Hand Weapons
 a - a +3 vorpal great sword (weapon)
 b - the +5 long sword of Brutal Revenge {flame, Str+6}
   (You found it on level 11 of the Dungeon)

   It burns those it strikes, dealing additional fire damage.
   Big, fiery blades are also staple armaments of hydra-hunters.
   Str:       It affects your strength (+6).
 F - a +1 demon blade of venom
Missiles
 d - 12 javelins
 w - 22 boomerangs
 E - 7 silver javelins
 K - 8 curare-tipped darts (quivered)
 R - a silver boomerang
Armour
 g - a +0 helmet (worn)
 z - the +0 pair of boots "Lygiruc" (worn) {Regen+ Str+2 Stlth+}
   (You acquired it on level 2 of the Lair of Beasts)

   Str:       It affects your strength (+2).
   Regen:     It increases your rate of health regeneration.
   Stlth:     It makes you more stealthy.
 O - a +6 plate armour of cold resistance (worn)
 S - a +2 chain mail of poison resistance
 T - a +1 kite shield of protection
 U - a +0 cloak of preservation (worn)
 Y - a +0 pair of gloves of fire resistance (worn)
Jewellery
 H - an amulet of reflection (around neck)
 I - the ring of Uskayaw's Envy (right hand) {rElec rC- EV+4 Int+10 Dex+2}
   (You found it on level 5 of the Lair of Beasts)

   [ring of evasion]

   EV:        It affects your evasion (+4).
   Int:       It affects your intelligence (+10).
   Dex:       It affects your dexterity (+2).
   rC:        It makes you vulnerable to cold.
   rElec:     It insulates you from electricity.
 J - a ring of protection from cold
 L - a ring of flight
 V - the ring of Rasy (left hand) {Str+6 Dex+2}
   (You found it on level 6 of the Dungeon)

   [ring of strength]

   Str:       It affects your strength (+6).
   Dex:       It affects your dexterity (+2).
Wands
 c - a wand of charming (2)
 j - a wand of iceblast (15)
 k - a wand of digging (9)
 m - a wand of mindburst (6)
 v - a wand of flame (5)
Scrolls
 l - 6 scrolls of teleportation
 n - a scroll of silence
 o - 4 scrolls of immolation
 u - 2 scrolls of magic mapping
 x - 3 scrolls of noise
 y - 4 scrolls of amnesia
 C - 3 scrolls of vulnerability
 M - 13 scrolls of identify
 N - a scroll of blinking
 Q - 2 scrolls of fog
 W - 2 scrolls of fear
Potions
 e - 10 potions of curing
 f - 6 potions of mutation
 h - 5 potions of cancellation
 i - a potion of heal wounds
 q - 3 potions of lignification
 r - 2 potions of brilliance
 B - 5 potions of flight
 D - 3 potions of magic
 G - 2 potions of ambrosia
 P - 3 potions of haste
Miscellaneous
 p - a box of beasts
 t - a tin of tremorstones (2/2)


   Skills:
 - Level 10.0 Fighting
 - Level 19.1 Long Blades
 - Level 7.0 Maces & Flails
 - Level 10.0 Armour
 - Level 8.0 Dodging
 - Level 2.0 Stealth
 + Level 11.7 Shields
 - Level 15.0 Invocations
 - Level 5.0 Evocations


You had 7 spell levels left.
You knew the following spells:

 Your Spells              Type           Power      Damage    Failure   Level
k - Call Canine Familiar  Summ           0%         N/A       99%         3
m - Monstrous Menagerie   Summ           0%         N/A       100%        7

Your spell library contained the following spells:

 Spells                   Type           Power      Damage    Failure   Level
 Animate Skeleton         Necr           0%         N/A       83%         1
 Apportation              Tloc           0%         N/A       83%         1
 Slow                     Hex            0%         N/A       83%         1
 Summon Small Mammal      Summ           0%         N/A       83%         1
 Ensorcelled Hibernation  Hex/Ice        0%         N/A       93%         2
 Wereblood                Tmut           0%         N/A       93%         2
 Confusing Touch          Hex            0%         N/A       99%         3
 Summon Guardian Golem    Hex/Summ       0%         N/A       99%         3
 Vampiric Draining        Necr           0%         2d6       99%         3
 Anguish                  Hex/Necr       0%         N/A       100%        4
 Animate Dead             Necr           0%         N/A       100%        4
 Hailstorm                Conj/Ice       0%         3d3       100%        4
 Ice Form                 Ice/Tmut       0%         N/A       100%        4
 Petrify                  Tmut/Erth      0%         N/A       100%        4
 Summon Ice Beast         Ice/Summ       0%         N/A       100%        4
 Alistair's Intoxication  Tmut/Pois      0%         N/A       100%        5
 Borgnjor's Vile Clutch   Necr/Erth      0%         N/A       100%        5
 Fireball                 Conj/Fire      0%         3d3       100%        5
 Iskenderun's Battlesphe  Conj           0%         2d6       100%        5
 Summon Mana Viper        Hex/Summ       0%         N/A       100%        5
 Death Channel            Necr           0%         N/A       100%        6
 Eringya's Noxious Bog    Tmut/Pois      0%         N/A       100%        6
 Iron Shot                Conj/Erth      0%         9d1       100%        6
 Simulacrum               Ice/Necr       0%         N/A       100%        6
 Starburst                Conj/Fire      0%         6d3       100%        6
 Enfeeble                 Hex            0%         N/A       100%        7
 Malign Gateway           Summ/Tloc      0%         N/A       100%        7
 Spellforged Servitor     Conj/Summ      0%         N/A       100%        7
 Ignition                 Fire           0%         3d3       100%        8
 Summon Horrible Things   Summ           0%         N/A       100%        8


Dungeon Overview and Level Annotations

Branches:
Dungeon (15/15)            Temple (1/1) D:4            Lair (6/6) D:8
 Shoals (1/4) Lair:4        Snake (1/4) Lair:4        Slime (0/5) Lair:5
    Orc (2/2) D:11            Elf (0/3) Orc:2        Vaults (0/5) D:13
 Depths (1/4) D:15          IceCv (visited)

Altars:
Ashenzari
Cheibriados
Dithmenos
Elyvilon
Fedhas
Gozag
Hepliaklqana
Kikubaaqudgha
Makhleb
Nemelex Xobeh
Okawaru
Qazlal
Ru
Sif Muna
Trog
Uskayaw
Vehumet
Wu Jian
Xom
Yredelemnul
Zin
The Shining One
Beogh

Shops:
D:4 *   Orc:2 ([([   Depths:1 !

Portals:
Hell: Depths:1
Abyss: Depths:1
Ziggurat: Depths:1
Trove: Depths:1 (give 6 scrolls of fear)

Annotations:
Orc:2 exclusion: upstairs


Message History

The golden dragon breathes poison at you.
The blast of poison misses you.
You hear an angry buzzing noise.
You completely miss the golden dragon.
The golden dragon is severely wounded.
You are engulfed in poison gas.
You are poisoned.
You feel sick.
You slice the golden dragon!!
The golden dragon is almost dead.
You are engulfed in poison gas.
You are more poisoned.
You feel very sick.
The golden dragon bites you but does no damage.
You block the golden dragon's attack. x2
You slice the golden dragon!!
You kill the golden dragon!
You are engulfed in poison gas.
You are more poisoned.
You feel very sick.
You are engulfed in poison gas.
You are more poisoned.
You feel extremely sick.
Things that are here:
4 large rocks; a curare-tipped dart; a titan corpse You are too berserk!
You feel a strong urge to attack something.
You are engulfed in poison gas.
You are more poisoned.
You feel extremely sick.
You are engulfed in poison gas.
You are more poisoned.
* * * LOW HITPOINT WARNING * * *
You are no longer berserk.
You are exhausted.
You feel yourself slow down.
* * * LOW HITPOINT WARNING * * *
You feel extremely sick.
You are engulfed in poison gas.
You are more poisoned.
* * * LOW HITPOINT WARNING * * *
You die...

#.#..# #.# #####' #.#..# ##.#
#..... #.#..####### ##..# #.....
..#........# #..##########.....
#'##.......#####.#.........'.....
#..#...............#########.....
#.)#.......#####.### #.....
####.####### #.# #..... .....[.#
#@# #..>.. ####...## #○# #####.
###.#..## #°# ##... ##....#..#
##☼############....
#...#..#+######○☼○....##....'....
.....#....#...°○.○....##.####....
.###..#...#.###..........# #....
#...#..#..#.# #......[#### #....
....#..#..'.# #.......# #....


There were no monsters in sight!

Vanquished Creatures
  Saint Roka (Orc:2)
  4 caustic shrikes (Depths:1)
  A golden dragon (Depths:1)
  Rupert (D:13)
  A titan (Depths:1)
  A tentacled starspawn (Abyss:3)
  A tengu reaver (Depths:1)
  3 fire giants (Depths:1)
  2 frost giants (Depths:1)
  Louise (Depths:1)
  A stone giant (Depths:1)
  2 spark wasps (Depths:1)
  4 fire dragons (Depths:1)
  The ghost of Dikli the Blocker, a journeyman MiBe of Trog (Lair:3)
  6 boulder beetles
  2 ice dragons
  A merfolk impaler (Shoals:1)
  A naga warrior (Snake:1)
  A salamander tyrant (Snake:1)
  A spriggan zombie (Abyss:3)
  A rakshasa (Abyss:3)
  Fannar (Lair:3)
  5 hydras
  2 anacondas (Snake:1)
  7 centaur warriors
  2 catoblepae
  4 two-headed ogres
  2 death knights
  3 tengu warriors
  10 death yaks
  2 deep troll shamans (Depths:1)
  2 deep troll earth magi (Depths:1)
  An orc high priest (Orc:2)
  Urug (D:13)
  2 thrashing horrors (Abyss:3)
  A shock serpent (Snake:1)
  6 large abominations
  2 salamander mystics (Snake:1)
  6 skeletal warriors
  A fire crab (shapeshifter) (Abyss:3)
  Nergalle (D:10)
  3 deep trolls (Depths:1)
  2 glowing orange brains (Depths:1)
  2 iron trolls (Depths:1)
  A shadow demon (Abyss:3)
  2 deep elf zephyrmancers (D:15)
  A sphinx zombie (Depths:1)
  A harpy (Lair:6)
  2 necromancers
  3 wizards
  A deep elf pyromancer (D:13)
  A mana viper (Snake:1)
  4 orc sorcerers
  5 orc knights
  A fire giant zombie (Depths:1)
  4 cyclopes
  A worldbinder (Abyss:3)
  7 manticores
  3 salamanders (Snake:1)
  15 ugly things
  7 elephants
  4 ice statues
  3 black mambas
  A smoke demon (Abyss:3)
  4 gargoyles
  A torpor snail (Lair:6)
  3 naga magi
  An unseen horror (D:11)
  A demonic crawler (Depths:1)
  A rime drake (shapeshifter) (D:15)
  14 cane toads
  5 rime drakes
  9 komodo dragons
  A kobold demonologist (D:9)
  2 tengu conjurers
  An efreet (D:15)
  5 freezing wraiths
  2 anaconda simulacra (IceCv)
  An ice devil (Lair:6)
  8 trolls
  9 polar bears
  A spriggan skeleton (Depths:1)
  3 hornets
  A wind drake (Lair:6)
  A slime creature (D:11)
  15 dream sheep
  5 blink frogs
  A snapping turtle (Lair:6)
  7 wraiths
  A centaur simulacrum (D:14)
  44 yaks
  A shadow (D:10)
  16 humans (D:13)
  13 wyverns
  A fire elemental (Abyss:3)
  A golden eye (Lair:6)
  11 basilisks
  2 steam dragons
  6 vampire mosquitoes
  11 wargs
  Duvessa (D:5)
  An acid dragon (shapeshifter) (D:11)
  2 nagas (Snake:1)
  17 water moccasins
  2 hell hounds (Lair:6)
  A meliai simulacrum (D:15)
  32 orc warriors
  2 black bears
  A sky beast (D:8)
  8 ice beasts
  6 necrophages
  7 ogres
  A boggart (D:11)
  11 centaurs
  7 wolves
  2 small abominations
  4 kobold brigands
  12 bullfrogs
  A scorpion (D:4)
  A wyvern zombie (D:9)
  A cane toad simulacrum (IceCv)
  2 gnoll sergeants
  A water moccasin skeleton (D:5)
  Dowan (D:5)
  An elephant simulacrum (IceCv)
  5 killer bees
  A wight (D:9)
  3 howler monkeys
  2 bullfrog zombies (D:6)
  10 centaur zombies
  4 jellies
  4 hounds
  2 centaur skeletons
  11 orc priests
  3 iron imps
  A bullfrog skeleton (D:5)
  Terence (D:2)
  Jessica (D:2)
  2 iguanas
  20 orc wizards
  8 hell rats
  2 polar bear simulacra (IceCv)
  2 killer bee zombies (D:8)
  A wolf simulacrum (IceCv)
  A mummy (D:10)
  2 howler monkey zombies
  Robin (D:2)
  8 adders
  12 gnolls
  A river rat (Lair:3)
  2 shadow imps (D:6)
  A white imp (Lair:6)
  An ufetubus (D:5)
  2 dart slugs
  79 orcs
  5 endoplasms
  5 giant cockroaches
  15 goblins
  8 hobgoblins
  6 jackals
  16 kobolds
  3 quokkas
  6 ball pythons
  8 bats
  2 frilled lizards
  3 rats
776 creatures vanquished.

Vanquished Creatures (collateral kills)
  A hydra (D:11)
  A troll (D:11)
  4 kobolds (D:11)
6 creatures vanquished.

Vanquished Creatures (others)
  A merfolk avatar (Lair:6)
  A sea snake (Lair:6)
  A black mamba (Lair:4)
  2 cane toads (Lair:5)
  A slime creature (Lair:5)
  2 yaks (Lair:2)
  A water moccasin (Lair:2)
  A killer bee (D:7)
  A jelly (Lair:5)
  An orc priest (D:8)
  An orc wizard (D:8)
  A hell rat (Lair:4)
  A kobold (D:7)
  31 fungi
  54 plants
  A withered plant (D:10)
101 creatures vanquished.

Grand Total: 883 creatures vanquished

Notes
Turn   | Place    | Note
-------+----------+-------------------------------------------
     0 | D:1      | Armakuni the Human Monk began the quest for the Orb.
     0 | D:1      | Reached XP level 1. HP: 18/18 MP: 1/1
   108 | D:1      | Reached XP level 2. HP: 19/24 MP: 2/2
   246 | D:1      | Found a faded altar of an unknown god.
   381 | D:1      | Reached XP level 3. HP: 29/29 MP: 3/3
  1133 | D:2      | Reached XP level 4. HP: 37/37 MP: 4/4
  1140 | D:2      | Noticed Terence
  1154 | D:2      | Killed Terence
  1262 | D:2      | Noticed Jessica
  1275 | D:2      | Killed Jessica
  1276 | D:2      | Reached XP level 5. HP: 38/43 MP: 5/5
  1353 | D:2      | Noticed Robin
  1378 | D:2      | Killed Robin
  1954 | D:3      | Reached XP level 6. HP: 50/50 MP: 6/6
  2104 | D:3      | Reached skill level 5 in Fighting
  2104 | D:3      | Reached skill level 5 in Maces & Flails
  2604 | D:4      | Found a stormy altar of Qazlal.
  2969 | D:4      | Found a staircase to the Ecumenical Temple.
  2975 | Temple   | Entered the Ecumenical Temple
  3052 | Temple   | Became a worshipper of Elyvilon the Healer
  3052 | Temple   | Reached * piety under Elyvilon
  3052 | Temple   | Reached ** piety under Elyvilon
  3111 | D:4      | Reached XP level 7. HP: 45/56 MP: 7/7
  3228 | D:4      | Found a snail-covered altar of Cheibriados.
  3365 | D:4      | Found Horafec's Fire Supplies.
  4216 | D:4      | Reached skill level 1 in Invocations
  4536 | D:5      | Entered Level 5 of the Dungeon
  4651 | D:5      | Reached XP level 8. HP: 61/65 MP: 9/9
  5188 | D:5      | Noticed Dowan
  5196 | D:5      | Killed Dowan
  5203 | D:5      | Noticed Duvessa
  5414 | D:6      | Reached *** piety under Elyvilon
  5414 | D:6      | Identified the ring of Rasy {Str+6 Dex+2}
  5572 | D:6      | Reached skill level 1 in Evocations
  5770 | D:6      | Reached XP level 9. HP: 4/72 MP: 12/12
  6159 | D:6      | Reached skill level 5 in Invocations
  6262 | D:6      | You fall into a shaft and drop 2 floors!
  6782 | D:7      | Noticed a hornet
  6783 | D:7      | Found a blossoming altar of Fedhas.
  6786 | D:7      | Pacified a hornet
  7132 | D:5      | Killed Duvessa
  7133 | D:5      | Reached skill level 5 in Evocations
  7705 | D:6      | Found an opulent altar of Gozag.
  7781 | D:6      | Reached **** piety under Elyvilon
  8374 | D:7      | Found a radiant altar of Vehumet.
  8712 | D:8      | Reached XP level 10. HP: 41/79 MP: 16/16
  9017 | D:8      | Found a staircase to the Lair.
 10015 | D:9      | Reached skill level 10 in Invocations
 10260 | D:9      | Noticed a green ugly thing
 10268 | D:9      | Pacified a green ugly thing
 10454 | Lair:1   | Entered Level 1 of the Lair of Beasts
 10461 | Lair:1   | Noticed a cane toad
 10634 | D:8      | Killed a cane toad
 10918 | Lair:1   | Noticed a five-headed hydra
 10920 | Lair:1   | Pacified a five-headed hydra
 10921 | Lair:1   | Reached skill level 10 in Fighting
 10921 | Lair:1   | Reached skill level 3 in Long Blades
 10921 | Lair:1   | Reached XP level 11. HP: 90/90 MP: 15/18
 10946 | Lair:1   | You fall into a shaft and drop 1 floor!
 11058 | Lair:1   | Reached skill level 4 in Long Blades
 11478 | Lair:1   | Reached skill level 5 in Long Blades
 12080 | Lair:2   | Reached skill level 6 in Long Blades
 12443 | Lair:2   | Reached skill level 7 in Long Blades
 12443 | Lair:2   | Identified a scroll of acquirement
 12443 | Lair:2   | Acquired the +0 pair of boots "Lygiruc" {Regen+ Str+2
                  | Stlth+}
 12572 | Lair:2   | Reached skill level 8 in Long Blades
 13054 | Lair:2   | Noticed Maggie
 13056 | Lair:2   | Noticed Maggie
 13056 | Lair:2   | Maggie changed into Maggie the wyvern
 13061 | Lair:2   | Killed Maggie the wyvern
 13344 | Lair:3   | Reached skill level 9 in Long Blades
 13484 | Lair:3   | Reached XP level 12. HP: 74/97 MP: 19/19
 13581 | Lair:3   | Noticed a death yak
 13583 | Lair:3   | Noticed a death yak
 13607 | Lair:3   | Noticed a death yak
 13607 | Lair:3   | Noticed a death yak
 13619 | Lair:3   | Killed a death yak
 13620 | Lair:3   | Reached skill level 10 in Long Blades
 13626 | Lair:3   | Killed a death yak
 13626 | Lair:3   | Noticed Fannar
 13642 | Lair:3   | Killed a death yak
 13643 | Lair:3   | Reached skill level 11 in Long Blades
 13646 | Lair:3   | Killed a death yak
 13825 | Lair:3   | Noticed Dikli's ghost (journeyman MiBe)
 13838 | Lair:3   | Learned a level 3 spell: Call Canine Familiar
 13888 | Lair:3   | Killed Fannar
 13926 | Lair:3   | Found a runed translucent door.
 13950 | Lair:3   | Killed Dikli's ghost
 14040 | Lair:3   | Reached skill level 12 in Long Blades
 14532 | Lair:4   | Reached skill level 5 in Dodging
 14660 | Lair:4   | Found a staircase to the Shoals.
 14720 | Lair:4   | Found a staircase to the Snake Pit.
 14829 | Lair:4   | Reached XP level 13. HP: 103/103 MP: 20/20
 15040 | Lair:4   | Noticed a catoblepas
 15057 | Lair:4   | Killed a catoblepas
 15596 | Lair:5   | Found a frozen archway.
 15604 | IceCv    | Entered an ice cave
 15663 | IceCv    | Reached skill level 13 in Long Blades
 15912 | Lair:5   | Noticed an eight-headed hydra
 15915 | Lair:5   | Killed an eight-headed hydra
 15942 | Lair:5   | Found a staircase to the Slime Pits.
 16050 | Lair:5   | Reached skill level 1 in Armour
 16225 | Lair:5   | Reached skill level 14 in Long Blades
 16236 | Lair:5   | Identified the ring of Uskayaw's Envy {rElec rC- EV+4
                  | Int+10 Dex+2}
 16824 | Lair:6   | Entered Level 6 of the Lair of Beasts
 16829 | Lair:6   | Reached skill level 5 in Armour
 16854 | Lair:6   | Noticed Sonja
 16868 | Lair:6   | Noticed Sonja
 16868 | Lair:6   | Sonja changed into Sonja the golden eye
 16890 | Lair:6   | Killed Sonja the golden eye
 16920 | Lair:6   | Reached XP level 14. HP: 109/110 MP: 21/21
 17265 | Lair:6   | Reached skill level 15 in Long Blades
 17333 | Lair:6   | Got the Collected Works on Curses
 17340 | Lair:6   | Identified the +3 trident of Brawling {flame, rC+}
 18236 | Lair:6   | Reached skill level 16 in Long Blades
 18757 | D:9      | Reached XP level 15. HP: 115/115 MP: 22/22
 18818 | D:9      | Found a sacrificial altar of Ru.
 18906 | D:9      | Paralysed by a hornet for 2 turns
 19089 | D:9      | Found a bloodstained altar of Trog.
 19435 | D:10     | Entered Level 10 of the Dungeon
 19461 | D:10     | Found a shimmering blue altar of Sif Muna.
 19617 | D:10     | Found a sparkling altar of Nemelex Xobeh.
 19617 | D:10     | Found an ornate altar of the Wu Jian Council.
 20127 | Temple   | Fell from the grace of Elyvilon
 20127 | Temple   | Became a worshipper of the Shining One
 20127 | Temple   | Reached * piety under the Shining One
 20127 | Temple   | Reached ** piety under the Shining One
 20387 | D:10     | Identified the +1 scale mail of Plasticity {Rampage}
 20396 | D:10     | Noticed Nergalle
 20406 | D:10     | Killed Nergalle
 20691 | D:11     | Reached skill level 10 in Armour
 20878 | D:11     | Identified the +12 mace "Aruelush" {pain, *Rage rN+++
                  | rCorr}
 21070 | D:11     | Found a shimmering altar of Xom.
 21104 | D:11     | Reached skill level 17 in Long Blades
 21127 | D:11     | Got the Reference Book on the Escort and Transmutation
 21350 | D:11     | Found a staircase to the Orcish Mines.
 21484 | D:11     | Identified the +5 long sword of Brutal Revenge {flame,
                  | Str+6}
 21826 | Orc:1    | Entered Level 1 of the Orcish Mines
 21916 | Orc:1    | Reached *** piety under the Shining One
 22046 | Orc:2    | Entered Level 2 of the Orcish Mines
 22211 | Orc:2    | Found a staircase to the Elven Halls.
 22746 | Orc:2    | Noticed Saint Roka
 22754 | Orc:2    | Killed Saint Roka
 22795 | Orc:2    | Reached **** piety under the Shining One
 22796 | Orc:2    | Reached XP level 16. HP: 122/122 MP: 25/25
 22799 | Orc:2    | Found Amuri's Antique Armour Shoppe.
 22837 | Orc:2    | Found Zittem's Antique Weapon Emporium.
 22919 | Orc:2    | Found Pimei's Weapon Boutique.
 23038 | Orc:2    | Found Vuno's Antique Armour Shoppe.
 23211 | Orc:2    | Bought a bronze plate armour for 1008 gold pieces
 23211 | Orc:2    | Identified the +4 plate armour of a sewer {Regen+} (You
                  | bought it in a shop on level 2 of the Orcish Mines)
 23229 | Orc:2    | Bought an embroidered cloak for 270 gold pieces
 23246 | Orc:2    | Bought a shiny kite shield for 270 gold pieces
 23246 | Orc:2    | Bought a shiny kite shield for 270 gold pieces
 23403 | D:4      | Bought a scroll of immolation for 42 gold pieces
 23403 | D:4      | Bought a +0 pair of gloves of fire resistance for 138 gold
                  | pieces
 23656 | Snake:1  | Entered Level 1 of the Snake Pit
 23810 | Snake:1  | Reached skill level 18 in Long Blades
 24082 | Shoals:1 | Entered Level 1 of the Shoals
 25255 | D:13     | Noticed Urug
 25258 | D:13     | Noticed Rupert
 25271 | D:13     | Killed Urug
 25281 | D:13     | Killed Rupert
 25341 | D:13     | Found a gate to the Vaults.
 25838 | D:14     | Reached skill level 19 in Long Blades
 26094 | D:14     | Reached XP level 17. HP: 128/128 MP: 28/28
 26264 | D:14     | Found an ornate altar of the Wu Jian Council.
 26607 | D:15     | Entered Level 15 of the Dungeon
 26619 | D:15     | Reached skill level 15 in Invocations
 26638 | D:15     | Reached skill level 1 in Shields
 26767 | D:15     | Found a staircase to the Depths.
 27207 | Depths:1 | Entered Level 1 of the Depths
 27248 | Depths:1 | Reached skill level 5 in Shields
 27311 | Depths:1 | Found a portal to a secret trove of treasure.
 27343 | Depths:1 | Noticed a tengu reaver
 27353 | Depths:1 | Killed a tengu reaver
 27425 | Depths:1 | Found a one-way gateway to a ziggurat.
 27771 | Depths:1 | Noticed a caustic shrike
 27771 | Depths:1 | Noticed a caustic shrike
 27771 | Depths:1 | Noticed a caustic shrike
 27772 | Depths:1 | Noticed a caustic shrike
 27782 | Depths:1 | Killed a caustic shrike
 27789 | Depths:1 | Killed a caustic shrike
 27797 | Depths:1 | Killed a caustic shrike
 27803 | Depths:1 | Killed a caustic shrike
 27832 | Depths:1 | Reached skill level 10 in Shields
 27854 | Depths:1 | Noticed Louise
 27863 | Depths:1 | Cast into level 2 of the Abyss (Louise)
 27983 | Abyss:3  | Noticed a tentacled starspawn
 27988 | Abyss:3  | Killed a tentacled starspawn
 28199 | Depths:1 | Escaped the Abyss
 28232 | Depths:1 | Killed Louise
 28250 | Depths:1 | Found a one-way gate to the infinite horrors of the Abyss.
 28323 | Depths:1 | HP: 3/128 [iron troll (19)]
 28330 | Depths:1 | Reached XP level 18. HP: 17/134 MP: 10/29
 28544 | Depths:1 | Noticed a titan
 28544 | Depths:1 | Noticed a juggernaut
 28544 | Depths:1 | Noticed a golden dragon
 28545 | Depths:1 | Noticed a golden dragon
 28626 | Depths:1 | Found a gateway to Hell.
 28648 | Depths:1 | Learned a level 7 spell: Monstrous Menagerie
 28676 | Depths:1 | Noticed a quicksilver dragon
 28720 | Depths:1 | Paralysed by a floating eye for 2 turns
 28724 | Depths:1 | Paralysed by a floating eye for 4 turns
 28836 | Depths:1 | Found Aziamn's Distillery.
 28845 | Depths:1 | Bought a potion of heal wounds for 100 gold pieces
 28845 | Depths:1 | Bought a potion of mutation for 160 gold pieces
 28845 | Depths:1 | Bought a potion of mutation for 160 gold pieces
 28845 | Depths:1 | Bought 2 potions of mutation for 320 gold pieces
 28845 | Depths:1 | Bought a potion of berserk rage for 100 gold pieces
 28845 | Depths:1 | Bought 2 potions of cancellation for 320 gold pieces
 28845 | Depths:1 | Bought a potion of magic for 160 gold pieces
 28915 | Depths:1 | Killed a titan
 28934 | Depths:1 | Killed a golden dragon
 28938 | Depths:1 | Succumbed to poison (poison gas)

Illustrated notes

Levels and vault maps discovered:
D:1:      mrwooster_arrival_arrow, layout_loops_ring,
          chequers_ecumenical_altar_simple, st_stairs_2
D:2:      layout_rooms, minmay_tetromino_l2, uniq_jessica, uniq_robin,
          uniq_terence
D:3:      layout_rooms
D:4:      layout_basic, slow_altar_1, nicolae_qazlal_scattered_showers,
          temple_green, nicolae_shop_fire_sale [nicolae_sub_dead_trees]
D:5:      layout_cave_pools, uniq_duvessa
D:6:      layout_loops_corners, mainiacjoe_overflow_alcove_2, serial_rivers,
          chequers_serial_rivers_small_3, chequers_serial_rivers_micro_c,
          chequers_serial_rivers_room_b, chequers_serial_rivers_micro_c
D:7:      layout_cave_pools, fedhas_altar_1, nicolae_vehumet_altar_sigil,
          serial_rivers, chequers_serial_rivers_small_3,
          chequers_serial_rivers_room_b, chequers_serial_rivers_large_a,
          chequers_serial_rivers_micro_d
D:8:      layout_cave_pools, erik_lair_orcish_takeover
D:9:      minmay_s_stair_smasher, layout_loops_ring,
          nicolae_ru_great_annihilating_truth, lemuel_tele_altar,
          chequers_garden, minivault_11
D:10:     layout_loops_corners, tgw_sif,
          chequers_temple_overflow_statue_of_worship, serial_undead,
          serial_undead_d, serial_undead_c, serial_undead_e, serial_undead_c,
          uniq_nergalle
D:11:     minmay_the_grid_square_5x5_4x4 [minmay_the_grid_square_5x5_hourglass,
          minmay_the_grid_square_5x5_shrine1, minmay_the_grid_square_5x5_six,
          minmay_the_grid_square_5x5_pentomino_r,
          minmay_the_grid_square_5x5_fat_x,
          minmay_the_grid_square_5x5_prize_snowflake,
          minmay_the_grid_square_5x5_prize_gold,
          minmay_the_grid_square_5x5_tetrominoes,
          minmay_the_grid_square_5x5_bracketed,
          minmay_the_grid_square_5x5_prize_deathbox,
          minmay_the_grid_square_5x5_prize_open, minmay_the_grid_square_5x5_z,
          minmay_the_grid_square_5x5_mess,
          minmay_the_grid_square_5x5_hollow_slash,
          minmay_the_grid_square_5x5_bridge,
          minmay_the_grid_square_5x5_fancy_junction], layout_basic
D:12:     layout_irregular_city
D:13:     layout_roguey, david_vaults_3
D:14:     layout_basic, minmay_misc_feat_diagonals,
          nicolae_wu_jian_glorious_leap
D:15:     grunt_enter_depths_magical_seal, layout_rooms, hangedman_decor_lopped,
          serial_bayou_pond_c, grunt_decor_fettered
Temple:   nicolae_temple_hex_pool
Lair:1:   layout_roguey, ldierk_geyser, minivault_19, beast_lair_carwin_5
Lair:2:   gammafunk_indiana_jones, layout_cellular_growth, uniq_maggie
Lair:3:   layout_regular_city, hellmonk_ghost_happy_afterlife, st_stairs_13,
          beast_lair_carwin_1, grunt_megastairs_5, infiniplex_staircase_pool,
          lemuel_fruit_tree, serial_bayou_shore_a, uniq_fannar
Lair:4:   layout_small_grid, minmay_shoals_entry_hut,
          minmay_snake_entry_six_corridors, infiniplex_staircase_pool_2
Lair:5:   layout_regular_city, minmay_slime_entry_pillars,
          portal_ice_cave_entry_pillars_1
Lair:6:   gammafunk_lair_ancient_temple, layout_long_grid, special_room
          [special_room_mythical_zoo], ice2_lemuel, uniq_sonja
Shoals:1: layout_shoals, centaur_isle
Snake:1:  layout_honeycomb, serial_shops, nicolae_square_shop
Orc:1:    layout_caves, mines5_lemuel
Orc:2:    grunt_orc_community_town_hall, layout_caves,
          grunt_orc_community_big_house_1, grunt_orc_community_big_house_2,
          grunt_orc_community_house_1, grunt_orc_community_house_1,
          grunt_orc_community_house_3, grunt_orc_community_house_1
Depths:1: layout_roguey, enter_ziggurat_d, grunt_hell_entry_dis_old,
          serial_shops, nicolae_lakefront_shop, nicolae_trove_entry_isolated,
          minmay_crystal_water, nicolae_abyss_entry_one_way_or_another,
          minivault_12

Skill      XL: |  1  2  3  4  5  6  7  8  9 10 11 12 13 14 15 16 17 |
---------------+----------------------------------------------------+-----
Fighting       | 4 5 6 7 10 | 10.0
Maces & Flails | 4 5 6 7 |  7.0
Invocations    | 1 4 8 10 12 14 15 | 15.0
Evocations     | 2 5 |  5.0
Long Blades    | 3 9 12 14 16 17 19 | 19.1
Dodging        | 6 8 |  8.0
Armour         | 5 9 10 | 10.0
Shields        | 11 | 11.7
Stealth        | |  2.0

Action                   |  1- 3 |  4- 6 |  7- 9 | 10-12 | 13-15 | 16-18 || total
-------------------------+-------+-------+-------+-------+-------+-------++-------
Melee: Dire flail        |    89 |   121 |   320 |   281 |       |       ||   811
       Great sword       |       |       |       |   144 |   957 |   664 ||  1765
       Long sword        |       |       |       |       |       |    12 ||    12
       Punch             |       |       |       |       |       |     1 ||     1
Throw: Dart              |       |     1 |     1 |     3 |     3 |    13 ||    21
       Boomerang         |       |       |       |       |     6 |       ||     6
       Javelin           |       |       |       |       |     4 |       ||     4
Invok: Heal Other        |       |       |     7 |    16 |    11 |       ||    34
       Heal Self         |       |       |     2 |    10 |     6 |       ||    18
       Purification      |       |       |       |    14 |     5 |       ||    19
       Divine Shield     |       |       |       |       |     3 |    14 ||    17
       Cleansing Flame   |       |       |       |       |       |    21 ||    21
Evoke: Wand              |       |       |     5 |    13 |     5 |     3 ||    26
       Tin of tremorston |       |       |       |       |     4 |     3 ||     7
       Box of beasts     |       |       |       |       |     1 |     1 ||     2
  Use: Scroll            |     4 |     3 |     9 |    10 |     8 |     6 ||    40
       Potion            |       |       |     8 |     4 |     7 |     9 ||    28
 Stab: Sleeping          |     2 |       |       |     5 |       |       ||     7
       Distracted        |       |       |       |     1 |       |       ||     1
       Invisible         |       |       |       |     3 |     1 |       ||     4
       Petrified         |       |       |       |       |     2 |       ||     2
Armor: Robe              |    27 |       |       |       |       |       ||    27
       Ring mail         |       |     4 |       |       |       |       ||     4
       Scale mail        |       |    39 |   141 |    89 |    93 |       ||   362
       Steam dragon scal |       |       |       |    37 |    18 |       ||    55
       Plate armour      |       |       |       |       |   251 |   263 ||   514
       Chain mail        |       |       |       |       |       |    31 ||    31
Dodge: Dodged            |    79 |    64 |   230 |   263 |   736 |   395 ||  1767
Block: Other             |       |       |       |       |    49 |   178 ||   227
       Reflection        |       |       |       |       |       |     1 ||     1
